 Dungeon Crawl Stone Soup version 0.23.0-3-gf3c87f2df8 (webtiles) character file.

Game seed: 15006986917943674178

90 Revguard the Conjurer (level 4, -6/24 HPs)
             Began as a Deep Elf Conjurer on Feb 23, 2019.
             Mangled by an orc
             ... wielding a +0 flail
              (9 damage)
             ... on level 2 of the Dungeon.
             The game lasted 00:08:26 (1703 turns).

Revguard the Conjurer (Deep Elf Conjurer)           Turns: 1703, Time: 00:08:26

Health: -6/24      AC:  4    Str:  3 (5)  XL:     4   Next: 32%
Magic:  0/11       EV: 12    Int: 19 (20) God:
Gold:   38         SH:  0    Dex: 15 (16) Spells: 4/10 levels left

rFire    . . .     SeeInvis .   (no weapon)
rCold    . . .     Gourm    .   (no shield)
rNeg     . . .     Faith    .   j - +0 leather armour
rPois    .         Spirit   .   e - +0 helmet
rElec    .         Reflect  .   b - scarf {repulsion}
rCorr    .         Harm     .   (no gloves)
MR       .....                  (no boots)
Stlth    ++........             (no amulet)
HPRegen  0.08/turn              (no ring)
MPRegen  0.12/turn              (no ring)

@: repel missiles
A: no striking features
a: no special abilities


You were on level 2 of the Dungeon.
You were not hungry.

You visited 1 branch of the dungeon, and saw 2 of its levels.

You collected 38 gold pieces.

Inventory:

Armour
 a - a +0 robe
 b - a scarf of repulsion (worn)
 e - a +0 helmet (worn)
 j - a +0 leather armour (worn)
Scrolls
 d - 2 scrolls of teleportation {unknown}
 f - a scroll of noise {unknown}
 h - a scroll of remove curse {unknown}
 i - 2 scrolls of identify {unknown}
Potions
 g - a potion of degeneration
 m - a potion of lignification {unknown}
Comestibles
 c - 5 rations


   Skills:
 + Level 0.3 Fighting
 + Level 0.3 Armour
 + Level 2.8 Dodging
 - Level 3.0 Stealth
 + Level 0.5 Unarmed Combat
 + Level 3.9 Spellcasting
 + Level 5.3 Conjurations
 + Level 0.2 Hexes


You had 4 spell levels left.
You knew the following spells:

 Your Spells              Type           Power        Failure   Level  Hunger
a - Magic Dart            Conj           ###.         3%          1    None
b - Searing Ray           Conj           ###...       4%          2    ##.....
c - Dazzling Spray        Conj/Hex       ##....       26%         3    ###....

Your spell library contained the following spells:

 Spells                   Type           Power        Failure   Level  Hunger
 Iskenderun's Mystic Bla  Conj           ###.....     30%         4    ####...
 Fulminant Prism          Conj/Hex       ##........   63%         4    ####...
 Force Lance              Conj/Tloc      ##......     65%         4    ####...


Dungeon Overview and Level Annotations

Branches:
Dungeon (2/15)

Altars:
Elyvilon
The Shining One


Message History

* * * LOW HITPOINT WARNING * * *
The rat misses you.
You hit the orc wizard but do no damage.
The orc wizard is almost dead.
The orc wizard hits you but does no damage.
The rat bites you but does no damage. The orc barely misses you.
Casting: Magic Dart (safe; 3% risk of failure)
Confirm with . or Enter, or press ? or * to list all spells.
Aiming: Magic Dart (safe; 3% risk of failure)
Press: ? - help, Shift-Dir - straight line, f/p - orc wizard
Aim: an orc wizard, wielding a +0 dagger and wearing a +0 robe (almost dead, fast)
The magic dart hits the orc wizard.
You kill the orc wizard!
You feel your intelligence returning.
You have reached level 4!
You feel clever. The rat bites you.
* * * LOW HITPOINT WARNING * * *
The orc hits you with a +0 flail!
You die...

.............###.#.#
..........o..o.....#
............####.###
....###'###)# #.# ....
#......# #.#
....##......####.#####
.........†........?.#
..............o...#.#
.............).@....#
............)r##..###
.#.###..##.........#
.. ..........##...# .
..........>.# ...#
..#..............#
.................# ...
?.#....##...#


You could see an orc and a rat.

Vanquished Creatures
  An orc wizard (D:2)
  2 worms (D:2)
  5 dart slugs
  2 leopard geckos
  An orc (D:2)
  2 giant cockroaches
  2 goblins (D:1)
  5 hobgoblins
  2 jackals (D:2)
  6 kobolds
  8 bats
  3 frilled lizards
  6 rats
45 creatures vanquished.

Notes
Turn   | Place    | Note
-------+----------+-------------------------------------------
     0 | D:1      | Revguard the Deep Elf Conjurer began the quest for the Orb.
     0 | D:1      | Reached XP level 1. HP: 10/10 MP: 6/6
   105 | D:1      | Reached XP level 2. HP: 12/15 MP: 0/8
   201 | D:1      | Learned a level 2 spell: Searing Ray
   320 | D:1      | Reached skill level 5 in Conjurations
   623 | D:2      | Reached XP level 3. HP: 19/19 MP: 6/9
  1004 | D:2      | Found a white marble altar of Elyvilon.
  1054 | D:2      | Learned a level 3 spell: Dazzling Spray
  1078 | D:2      | Found a glowing golden altar of the Shining One.
  1702 | D:2      | Reached XP level 4. HP: 4/24 MP: 0/11
  1703 | D:2      | Mangled by an orc

Skill      XL: |  1  2  3 |
---------------+----------+-----
Conjurations   | 5 |  5.3
Stealth        | 3 |  3.0
Fighting       | |  0.3
Armour         | |  0.3
Dodging        | |  2.8
Unarmed Combat | |  0.5
Spellcasting   | |  3.9
Hexes          | |  0.2

Action                   |  1- 3 |  4- 6 || total
-------------------------+-------+-------++-------
Melee: Unarmed           |    37 |       ||    37
 Cast: Magic Dart        |    85 |     1 ||    86
       Searing Ray       |     8 |       ||     8
       Dazzling Spray    |     4 |       ||     4
  Use: Potion            |     3 |       ||     3
  Eat: Ration            |     1 |       ||     1
Armor: Leather armour    |    11 |       ||    11
       Robe              |     3 |       ||     3
Dodge: Dodged            |    43 |       ||    43
       Deflected         |     1 |       ||     1
